 Dungeon Crawl Stone Soup version 0.31.0-11-ge490571c62 (webtiles) character file.

Game seed: 5049663556843799432

330 Flugkiller the Ruffian (level 6, 59/59 HPs)
             Began as a Troll Fighter on Jan 30, 2024.
             Quit the game in the Ecumenical Temple.
             The game lasted 00:03:25 (898 turns).

Flugkiller the Ruffian (Troll Fighter)               Turns: 898, Time: 00:03:26

Health: 59/59      AC:  4    Str: 27    XL:     6   Next: 26%
Magic:  5/5        EV:  9    Int:  4    God:
Gold:   8          SH:  7    Dex:  9    Spells: 5/5 levels left

rFire   . .          .
                       - Unarmed
rCold   . . .        b - +0 kite shield
rNeg    . . .        a - +0 robe
rPois   .            (helmet restricted)
rElec   .            (no cloak)
rCorr   .            (gloves unavailable)
SInv    .            (boots unavailable)
Will    .....        (no amulet)
Stlth   +            j - +4 ring of slaying
HPRegen 1.09/turn    (no ring)
MPRegen 0.09/turn

%: no passive effects
@: no status effects
A: large, unfitting armour, claws 3, regeneration 1, shaggy fur 1, tough skin 1
a: no special abilities


You were in the Ecumenical Temple.
You visited 2 branches of the dungeon, and saw 6 of its levels.

You collected 38 gold pieces.
You spent 30 gold pieces at shops.

Inventory:

Missiles
 f - 12 poisoned darts (quivered)
 q - 3 boomerangs
Armour
 a - a +0 robe (worn)
 b - a +0 kite shield (worn)
Jewellery
 j - a +4 ring of slaying (left claw)
   (You found it on level 3 of the Dungeon)
Wands
 n - a wand of mindburst (10)
   (You found it on level 4 of the Dungeon)
 s - a wand of iceblast (10)
   (You found it on level 5 of the Dungeon)
Scrolls
 c - a scroll of fog {unknown}
 e - a scroll of amnesia {unknown}
 h - a scroll of identify {unknown}
 i - a scroll of enchant weapon {unknown}
 r - a scroll of vulnerability {unknown}
 t - 2 scrolls of teleportation
Potions
 d - 2 potions of might
 g - 2 potions of degeneration {unknown}
 k - a potion of curing {unknown}
 l - a potion of attraction {unknown}
 m - a potion of cancellation {unknown}
 o - 2 potions of haste {unknown}
 p - a potion of brilliance {unknown}


   Skills:
 - Level 2.4 Fighting
 - Level 2.4 Dodging
 - Level 2.6 Shields
 + Level 6.7 Unarmed Combat


You had 5 spell levels left.
You didn't know any spells.
Your spell library was empty.

Dungeon Overview and Level Annotations

Branches:
Dungeon (5/15) Zot: 26446  Temple (1/1) D:5 Zot: 5999

Altars:
Cheibriados
Dithmenos
Elyvilon
Fedhas
Gozag
Hepliaklqana
Makhleb
Nemelex Xobeh
Qazlal
Sif Muna
Trog
Uskayaw
Wu Jian
Xom
Zin
The Shining One

Shops:
D:4 ?


Innate Abilities, Weirdness & Mutations

You are too large for most types of armour.
You have claws for hands.
Your natural rate of healing is unusually fast.
You are covered in fur. (AC +1)
You have tough skin. (AC +1)


Message History

There is an open door here.
Things that are here:
5 stones; a +0 short sword
There is a stone staircase leading down here.
You climb downwards.
The kobold shouts!
The kobold hits you with a +0 whip.
A kobold comes into view. It is wielding a +0 dagger.
There is a stone staircase leading up, spattered with blood here.
The kobold shouts!
You scratch the centaur.
The centaur is lightly wounded.
You claw the centaur!
The centaur is severely wounded.
The centaur unwields a +0 shortbow.
You block the centaur's attack. The centaur kicks you.
The kobold hits you but does no damage.
A kobold brigand comes into view.
It is wielding a +0 club and quivering poisoned darts.
You claw the centaur!
You kill the centaur!
The kobold closely misses you.
The kobold hits you but does no damage. x2
The kobold hits you with a +0 dagger. The kobold barely misses you.
Your Unarmed Combat skill increases to level 6!
You miss the kobold brigand. The kobold hits you with a +0 dagger.
The kobold hits you with a +0 whip. The kobold brigand closely misses you.
Unknown command.
You are a level 5 Troll Fighter.
You are 90% of the way to level 6.
Play time: 00:03:04 (812 turns).
Zot will find you in 26530 turns if you stay in this branch and explore no new floors.
Unknown command.
You claw the kobold!
You kill the kobold!
The kobold hits you with a +0 dagger.
The kobold brigand hits you with a +0 club.
You mangle the kobold brigand!!
The kobold brigand is severely wounded.
You closely miss the kobold brigand.
The kobold brigand is severely wounded.
The kobold closely misses you.
The kobold brigand hits you with a +0 club.
You block the kobold's attack.
You barely miss the kobold brigand.
The kobold brigand is severely wounded.
You block the kobold's attack. x2; The kobold brigand closely misses you.
You scratch the kobold brigand but do no damage.
The kobold brigand is severely wounded.
The kobold hits you but does no damage. You block the kobold's attack.
The kobold brigand completely misses you.
You scratch the kobold brigand but do no damage.
The kobold brigand is severely wounded.
You block the kobold's attack. The kobold hits you but does no damage.
The kobold brigand hits you with a +0 club.
You claw the kobold brigand!
The kobold brigand is almost dead.
The kobold hits you but does no damage. The kobold hits you with a +0 dagger.
You block the kobold brigand's attack.
You claw the kobold brigand!
You kill the kobold brigand!
You block the kobold's attack. The kobold hits you with a +0 dagger.
You have reached level 6!
You feel stronger.
You claw the kobold!
You kill the kobold!
The kobold barely misses you.
You barely miss the kobold. The kobold hits you with a +0 dagger.
You mangle the kobold!!
You kill the kobold!
No target in view!
Things that are here:
a +0 dagger; a kobold corpse
Things that are here:
a +0 dagger; a kobold corpse
f - 12 poisoned darts (gained 7)
You see here a +0 club.
Things that are here:
a +0 shortbow; a centaur corpse
Found a stone staircase leading down.
Found 8 gold pieces.
Found a curved silver wand.
A dart slug comes into view.
Found a scroll labelled WOMUBL FOSIUTO and a sling.
You see here 8 gold pieces.
Found 3 stones.
s - a wand of iceblast (10)
The dart slug briefly extends its eye-stalks.
The dart slug bites you but does no damage.
The dart slug launches a dart at you. The slug dart hits you.
You scratch the dart slug.
The dart slug is heavily wounded.
The dart slug bites you but does no damage.
You claw the dart slug!
You kill the dart slug!
No target in view!
You open the door.
Found a staircase to the Ecumenical Temple.
There is a staircase to the Ecumenical Temple here.
You climb downwards.
Welcome to the Ecumenical Temple!
Found fifteen altars.
Found a staircase back to the Dungeon.
There is a staircase back to the Dungeon here.
Are you sure you want to abandon this character and quit the game? (Confirm with "yes".)

#################
#☼○..○○○○○○○.○○☼#
#.○○☼☼○○○○○☼☼☼○.#
#○.○○..○○○○○○○.☼#
#.☼○_._._._._○○.#
#○○○.........○○☼#
#☼○○_......._○○.#
#○○○.........○○○#
#○○._...@..._○○○#
#○○...........○○#
#○☼○_......._.○○#
#○○○.........○○○#
#○○._._._._..☼○○#
#○○○.○○○○○☼○○○☼.#
#○○○○○○☼☼○○○☼.○☼#
#.○○○○.☼.○.☼○○○○#
#################


There were no monsters in sight!

Vanquished Creatures
  A centaur (D:5)
  A kobold brigand (D:5)
  A howler monkey (D:4)
  Natasha (thrice) (D:4)
  2 gnolls (D:3)
  An adder (D:2)
  A dart slug (D:5)
  2 ball pythons
  3 bats
  4 endoplasms
  2 giant cockroaches
  3 hobgoblins
  3 jackals (D:4)
  14 kobolds
  2 quokkas
  A frilled lizard (D:2)
  A rat (D:1)
45 creatures vanquished.

Notes
Turn   | Place    | Note
-------+----------+-------------------------------------------
     0 | D:1      | Flugkiller the Troll Fighter began the quest for the Orb.
     0 | D:1      | Reached XP level 1. HP: 22/22 MP: 0/0
    64 | D:2      | Reached XP level 2. HP: 29/29 MP: 1/1
   107 | D:2      | Reached skill level 3 in Unarmed Combat
   168 | D:2      | Reached XP level 3. HP: 36/36 MP: 2/2
   239 | D:4      | Noticed Natasha
   243 | D:4      | Killed Natasha
   244 | D:4      | Reached skill level 4 in Unarmed Combat
   264 | D:4      | Noticed Natasha
   271 | D:4      | Killed Natasha
   272 | D:4      | Reached XP level 4. HP: 42/44 MP: 3/3
   330 | D:4      | Noticed Natasha
   338 | D:4      | Killed Natasha
   345 | D:5      | Entered Level 5 of the Dungeon
   345 | D:5      | Noticed a centaur
   381 | D:4      | Reached skill level 5 in Unarmed Combat
   381 | D:4      | Reached XP level 5. HP: 44/50 MP: 4/4
   391 | D:4      | Found Zanyupim's Magic Scroll Boutique.
   396 | D:4      | Bought a scroll of teleportation for 30 gold pieces
   413 | D:4      | Found a stormy altar of Qazlal.
   810 | D:5      | Killed a centaur
   811 | D:5      | Reached skill level 6 in Unarmed Combat
   820 | D:5      | Reached XP level 6. HP: 40/59 MP: 5/5
   888 | D:5      | Found a staircase to the Ecumenical Temple.
   897 | Temple   | Entered the Ecumenical Temple
   898 | Temple   | Quit the game

Illustrated notes

Levels and vault maps discovered:
D:1:      matt_arrival_diagonals, layout_basic, kennysheep_minor_cross,
          minivault_24, nrook_mini_vaults
D:2:      minmay_general_purpose_star, layout_basic,
          dreamdust_ecumenical_altar_drowned_temple, basic_altar,
          lexackson_kobold_supper
D:3:      layout_loops_ring, okawaru_altar_gauntlet_db, serial_undead,
          serial_undead_c, serial_undead_d, serial_undead_e, serial_undead_e,
          minmay_misc_feat_square
D:4:      layout_loops_corners, kennysheep_mini, serial_shops,
          kennysheep_little_box, hangedman_feature_mirror, uniq_natasha
D:5:      layout_basic, temple_hall, gammafunk_ghost_mausoleum, minmay_between
Temple:   minmay_freezing_vapour_temple

Skill      XL: |  1  2  3  4  5 |
---------------+----------------+-----
Unarmed Combat | 3 4 5 6 |  6.7
Fighting       | |  2.4
Dodging        | |  2.4
Shields        | |  2.6

Action                     |  1- 3 |  4- 6 || total
---------------------------+-------+-------++-------
  Melee: Unarmed           |    46 |    56 ||   102
 Armour: Robe              |    28 |    53 ||    81
  Dodge: Dodged            |    20 |    19 ||    39
  Block: Kite shield       |    20 |    27 ||    47
